 Dungeon Crawl Stone Soup version 0.31.0-12-g77e489cdc1 (webtiles) character file.

Game seed: 14454689087393381781

17278 firemarshallily the Fighter (level 12, -8/112 HPs)
             Began as an Armataur Fighter on Mar 5, 2024.
             Was an Elder of the Shining One.
             Killed from afar by a fire giant (26 damage)
             ... with a fireball
             ... on level 11 of the Dungeon.
             The game lasted 00:29:55 (8986 turns).

firemarshallily the Fighter (Armataur Fighter)      Turns: 8986, Time: 00:29:55

Health: -8/112     AC: 28    Str: 26    XL:     12   Next: 17%
Magic:  12/12      EV: 13    Int:  8    God:    the Shining One [****..]
Gold:   417        SH:  7    Dex: 18    Spells: 11/11 levels left

rFire   . . .        d - +9 mace (protect)
rCold   . . .        c - +0 buckler
rNeg    + + .        l - +10 ring mail of Dishonesty {Dex+7}
rPois   .            (no helmet)
rElec   .            D - +2 cloak
rCorr   .            (no gloves)
SInv    +            (no barding)
Will    .....        (no amulet)
Stlth   +            j - +5 ring of evasion
HPRegen 0.38/turn    I - ring of see invisible
MPRegen 0.13/turn

%: roll
@: under a protective aura, glowing
A: large, deformed body, tough skin 3, armoured tail, roll 2
a: Renounce Religion, Divine Shield, Cleansing Flame


You were on level 11 of the Dungeon.
You worshipped the Shining One.
The Shining One was greatly pleased with you.
You visited 2 branches of the dungeon, and saw 12 of its levels.
You also visited: Sewer.

You collected 741 gold pieces.
You spent 324 gold pieces at shops.

Inventory:

Hand Weapons
 d - a +9 mace of protection (weapon)
Missiles
 n - a boomerang (quivered)
 o - 19 poisoned darts
 y - 2 curare-tipped darts
 L - 2 throwing nets
Armour
 c - a +0 buckler (worn)
 g - the +3 hat of Pondering {ponderous, Will+ MP+10 Int+5}
   (You took it off Gastronok on level 10 of the Dungeon)

   Int+5:     It affects your intelligence (+5).
   Will+:     It increases your willpower.
   MP+10:     It affects your magic capacity (+10).
 k - a +0 kite shield
 l - the +10 ring mail of Dishonesty (worn) {Dex+7}
   (You found it on level 2 of the Dungeon)

   Dex+7:     It affects your dexterity (+7).
 D - a +2 cloak (worn)
Jewellery
 j - a +5 ring of evasion (left hand)
 x - a ring of fire
 I - a ring of see invisible (right hand)
 N - a ring of ice
Wands
 i - a wand of light (17)
 A - a wand of mindburst (19)
 F - a wand of roots (10)
 G - a wand of flame (40)
 J - a wand of charming (10)
 M - a wand of polymorph (5)
Scrolls
 a - a scroll of immolation
 b - 4 scrolls of teleportation
 e - a scroll of amnesia
 f - 2 scrolls of blinking
 h - a scroll of fear
 p - 2 scrolls of poison
 q - 4 scrolls of enchant armour
 B - 2 scrolls of revelation
 C - a scroll of vulnerability
 H - a scroll of summoning
 O - a scroll of noise {unknown}
Potions
 m - a potion of resistance
 r - 4 potions of enlightenment
 s - 3 potions of attraction
 t - a potion of heal wounds
 u - a potion of cancellation
 v - 4 potions of lignification
 w - 4 potions of brilliance {unknown}
 z - a potion of mutation {unknown}
 E - a potion of magic {unknown}
Miscellaneous
 K - a lightning rod (4/4)


   Skills:
 * Level 12.0 Fighting
 + Level 8.4 Maces & Flails
 + Level 11.3 Armour
 + Level 11.0 Shields


You had 11 spell levels left.
You didn't know any spells.
Your spell library contained the following spells:

 Spells                   Type           Power      Damage    Failure   Level
 Apportation              Tloc           0%         N/A       56%         1
 Necrotise                Necr           0%         1d4       56%         1
 Sandblast                Erth           0%         2d4       56%         1
 Sting                    Conj/Alch      0%         1d3       56%         1
 Summon Small Mammal      Summ           0%         N/A       56%         1
 Call Canine Familiar     Summ           0%         N/A       90%         3
 Hailstorm                Conj/Ice       0%         3d5       90%         3
 Inner Flame              Hex/Fire       0%         N/A       90%         3
 Passwall                 Erth           0%         N/A       90%         3
 Sigil of Binding         Hex            0%         N/A       90%         3
 Stone Arrow              Conj/Erth      0%         3d7       90%         3
 Summon Ice Beast         Ice/Summ       0%         N/A       90%         3
 Brom's Barrelling Bould  Conj/Erth      0%         2d3       100%        4
 Dimensional Bullseye     Hex/Tloc       0%         N/A       100%        4
 Flame Wave               Conj/Fire      0%         2d4       100%        4
 Sticky Flame             Fire/Alch      0%         2d4       100%        4
 Sculpt Simulacrum        Ice/Alch       0%         N/A       100%        6


Dungeon Overview and Level Annotations

Branches:
Dungeon (11/15)            Temple (1/1) D:6            Lair (0/5) D:9
  Sewer (visited)
    Orc: D:9-12

Altars:
Ashenzari
Cheibriados
Dithmenos
Elyvilon
Fedhas
Gozag
Hepliaklqana
Kikubaaqudgha
Makhleb
Nemelex Xobeh
Okawaru
Qazlal
Ru
Sif Muna
Trog
Uskayaw
Vehumet
Wu Jian
Xom
Yredelemnul
Zin
The Shining One

Shops:
D:2 [   D:4 !   D:5 :   D:7 *

Annotations:
D:3 2 transporters, spaghetti's ghost, novice TeCK
D:5 1 runed translucent door, Tripartite's ghost, novice FoHu
D:10 3 runed translucent doors, Midpoint's ghost, journeyman GnCK


Innate Abilities, Weirdness & Mutations

Armour fits poorly on your strangely shaped body.
You have extremely tough skin. (AC +3)
You have a long armoured tail.
You regenerate magic and health when rolling toward enemies. (Rampage Regen)


Message History

The fire giant is moderately wounded.
The fire giant hits you but does no damage.
You hit the fire giant. You tail-slap the fire giant.
The fire giant is heavily wounded.
You feel much better.
The fire giant gestures at you while chanting.
The bolt of fire hits you but does no damage.
You completely miss the fire giant. You tail-slap the fire giant.
The fire giant is heavily wounded.
The fire giant is no longer moving slowly.
The fire giant casts a spell at you. The bolt of fire misses you.
You hit the fire giant but do no damage.
You tail-slap the fire giant!
The fire giant is heavily wounded.
The fire giant points at you and mumbles some strange words.
The bolt of fire hits you!!
You hit the fire giant.
The fire giant is severely wounded.
The fire giant casts a spell at you.
The fireball explodes!
The fireball engulfs you!
* * * LOW HITPOINT WARNING * * *
The fireball engulfs the fire giant!
The fire giant resists.
You feel much better.
The fire giant gestures at you while chanting.
The fireball explodes!
The fireball engulfs you!!
* * * LOW HITPOINT WARNING * * *
The fireball engulfs the fire giant!
The fire giant resists.
Okay, then.
You sock the fire giant!
The fire giant is almost dead.
The fire giant hits you with a +0 great sword of flaming.
* * * LOW HITPOINT WARNING * * *
The fire giant burns you.
* * * LOW HITPOINT WARNING * * *
You sock the fire giant!
The fire giant is almost dead.
The fire giant points at you and mumbles some strange words.
The fireball explodes!
The fireball engulfs you!!
You die...

#....(.....................
#....................#####.
#......###+###....####...#.
...........................'.
.#####################.....#.
# #...# #.. #.....#. .....##
#.# #.....#. ##. #...###.#
#....##. #.. #...#@# #....#..
#..# ##...#C(:# #....#..
#...###...#.##}(|# #....#..
#...#...###.# .## #....#
#...).## #.# # #....# ##...##
#.. #....# ###.###
##########....# .
##.....####.#.#.#.##..###..
##.......##.........#......#


You could see a fire giant (poisoned).

Vanquished Creatures
  Gastronok (D:10)
  A fire dragon (D:11)
  Harold (D:9)
  2 centaur warriors
  2 two-headed ogres
  A harpy (shapeshifter) (D:10)
  A cyclops (D:11)
  Joseph (D:10)
  A gargoyle (D:10)
  Maggie (D:7)
  2 kobold demonologists
  2 komodo dragons (D:9)
  A tengu conjurer (D:11)
  6 trolls (D:10)
  2 slime creatures
  Sigmund (D:3)
  3 shadows
  3 wyverns
  A basilisk (D:11)
  3 wraiths
  7 yaks
  Grum (D:9)
  A steam dragon (D:9)
  Menkaure (D:5)
  An acid dragon (D:11)
  4 orc warriors
  4 black bears
  2 sky beasts
  4 ice beasts
  4 wolves (D:9)
  An ogre (D:5)
  2 centaurs
  A phantom (D:5)
  5 kobold brigands
  2 bullfrogs
  2 gnoll sergeants
  3 scorpions
  11 wights
  A burial acolyte (D:7)
  12 killer bees
  3 howler monkeys (D:10)
  2 bombardier beetles (D:5)
  4 jellies (D:5)
  2 hounds
  7 orc priests
  A sleepcap (D:6)
  Natasha (D:4)
  3 iguanas
  Terence (D:3)
  9 orc wizards
  2 hound zombies (D:7)
  5 adders
  4 gnolls (D:9)
  2 shadow imps (D:7)
  A white imp (D:8)
  2 ufetubi (D:6)
  An adder zombie (D:7)
  A dart slug (D:1)
  3 ribbon worms
  22 orcs
  10 endoplasms
  4 giant cockroaches
  4 goblins
  5 hobgoblins
  A jackal (Sewer)
  24 kobolds
  9 quokkas
  8 ball pythons
  2 bats (D:3)
  3 frilled lizards
  3 gnoll zombies (D:7)
  A kobold zombie (D:7)
  4 rats
259 creatures vanquished.

Notes
Turn   | Place    | Note
-------+----------+-------------------------------------------
     0 | D:1      | firemarshallily the Armataur Fighter began the quest for
                  | the Orb.
     0 | D:1      | Reached XP level 1. HP: 18/18 MP: 1/1
   149 | D:1      | Reached XP level 2. HP: 25/25 MP: 2/2
   525 | D:1      | Reached skill level 3 in Fighting
  1026 | D:2      | Identified the +10 ring mail of Dishonesty {Dex+7}
  1082 | D:2      | Found a faded altar of an unknown god.
  1166 | D:2      | Reached XP level 3. HP: 31/31 MP: 3/3
  1275 | D:2      | Found Qaygooc's Armour Shop.
  1770 | D:3      | Noticed Terence
  1786 | D:3      | Killed Terence
  1787 | D:3      | Reached XP level 4. HP: 10/38 MP: 4/4
  2114 | D:3      | Found a transporter.
  2116 | D:3      | Found a transporter.
  2116 | D:3      | Noticed spaghetti's ghost (novice TeCK)
  2338 | D:3      | Noticed Sigmund
  2344 | D:3      | Killed Sigmund
  2345 | D:3      | Reached skill level 4 in Fighting
  2345 | D:3      | Reached skill level 5 in Shields
  2345 | D:3      | Reached XP level 5. HP: 46/46 MP: 5/5
  2345 | D:3      | Reached XP level 6. HP: 52/52 MP: 6/6
  2566 | D:4      | Found Betiadel's Distillery.
  2571 | D:4      | Bought a potion of attraction for 36 gold pieces
  2571 | D:4      | Bought a potion of degeneration for 12 gold pieces
  2571 | D:4      | Bought a potion of cancellation for 96 gold pieces
  2571 | D:4      | Bought a potion of lignification for 36 gold pieces
  2618 | D:4      | Found an opulent altar of Gozag.
  2667 | D:4      | Found an iron altar of Okawaru.
  2749 | D:4      | Found a snail-covered altar of Cheibriados.
  2753 | D:4      | Found a shadowy altar of Dithmenos.
  2757 | D:4      | Found a blossoming altar of Fedhas.
  2781 | D:4      | Noticed Natasha
  2785 | D:4      | Killed Natasha
  2883 | D:4      | Found a sparkling altar of Nemelex Xobeh.
  2923 | D:5      | Entered Level 5 of the Dungeon
  2945 | D:5      | Noticed Menkaure
  2956 | D:5      | Killed Menkaure
  2957 | D:5      | Reached skill level 5 in Armour
  2957 | D:5      | Gained mutation: You regenerate magic and health when
                  | rolling toward enemies. (Rampage Regen) [Armataur growth]
  2957 | D:5      | Reached XP level 7. HP: 58/60 MP: 7/7
  3017 | D:5      | Found a glowing drain.
  3020 | D:5      | Reached skill level 5 in Fighting
  3025 | Sewer    | Entered a sewer
  3130 | Sewer    | Found a glowing silver altar of Zin.
  3312 | D:5      | Found a bloodstained altar of Trog.
  3337 | D:5      | Found Syllizun's Vocational Training.
  3362 | D:5      | Found a shimmering altar of Xom.
  3675 | D:5      | Found a runed translucent door.
  3676 | D:5      | Noticed Tripartite's ghost (novice FoHu)
  3977 | D:5      | Reached XP level 8. HP: 39/70 MP: 8/8
  3984 | D:5      | Reached skill level 6 in Fighting
  4119 | D:5      | Found an ancient bone altar of Kikubaaqudgha.
  4119 | D:5      | Found a shimmering blue altar of Sif Muna.
  4119 | D:5      | Found a burning altar of Makhleb.
  4119 | D:5      | Found a shadowy altar of Dithmenos.
  4119 | D:5      | Found a basalt altar of Yredelemnul.
  4119 | D:5      | Found a shimmering altar of Xom.
  4119 | D:5      | Noticed a slime creature
  4133 | D:5      | Killed a slime creature
  4644 | D:6      | Reached skill level 7 in Fighting
  4657 | D:6      | Found a staircase to the Ecumenical Temple.
  4827 | Temple   | Entered the Ecumenical Temple
  4843 | Temple   | Became a worshipper of the Shining One
  5032 | D:6      | Found a basalt altar of Yredelemnul.
  5112 | D:6      | Found a white marble altar of Elyvilon.
  5290 | D:7      | Reached XP level 9. HP: 79/79 MP: 9/9
  5299 | D:7      | Noticed Maggie
  5319 | D:7      | Killed Maggie
  5320 | D:7      | Reached skill level 5 in Maces & Flails
  5596 | D:7      | Found a glowing silver altar of Zin.
  5655 | D:7      | Reached skill level 8 in Fighting
  5731 | D:7      | Found Pyw Cat's Assorted Antiques.
  5782 | D:7      | Bought a scroll labelled EHEBLOS INOOLIQ for 24 gold pieces
  5782 | D:7      | Bought a scroll labelled YTAOSE RAYLEITO for 24 gold pieces
  5782 | D:7      | Bought a scroll of identify for 48 gold pieces
  5782 | D:7      | Bought a scroll of identify for 48 gold pieces
  5845 | D:7      | Found an ancient bone altar of Kikubaaqudgha.
  5855 | D:7      | Reached * piety under the Shining One
  6004 | D:7      | Found a hide-covered altar of Uskayaw.
  6159 | D:8      | Reached ** piety under the Shining One
  6188 | D:8      | Reached XP level 10. HP: 90/90 MP: 10/10
  6289 | D:8      | Found a broken altar of Ashenzari.
  6688 | D:9      | Reached skill level 9 in Fighting
  7048 | D:9      | Noticed Grum
  7069 | D:9      | Killed Grum
  7159 | D:9      | Found a staircase to the Lair.
  7241 | D:9      | Noticed Harold
  7250 | D:9      | Killed Harold
  7251 | D:9      | Reached skill level 10 in Fighting
  7408 | D:10     | Entered Level 10 of the Dungeon
  7416 | D:10     | Reached XP level 11. HP: 100/100 MP: 11/11
  7466 | D:10     | Reached *** piety under the Shining One
  7527 | D:10     | Found a runed translucent gate.
  7527 | D:10     | Found a runed translucent gate.
  7527 | D:10     | Found a runed translucent gate.
  7528 | D:10     | Noticed Midpoint's ghost (journeyman GnCK)
  7621 | D:10     | Noticed Gastronok
  7627 | D:10     | Noticed Joseph
  7651 | D:10     | Killed Gastronok
  7652 | D:10     | Reached skill level 10 in Armour
  7658 | D:10     | Killed Joseph
  7931 | D:10     | Noticed a harpy
  7942 | D:10     | Killed a harpy
  7943 | D:10     | Reached skill level 10 in Shields
  7983 | D:10     | Reached skill level 11 in Fighting
  7990 | D:10     | Noticed a centaur warrior
  7998 | D:10     | Killed a centaur warrior
  8173 | D:10     | Noticed a two-headed ogre
  8180 | D:10     | Killed a two-headed ogre
  8259 | D:10     | Reached **** piety under the Shining One
  8260 | D:10     | Noticed a soul eater
  8883 | D:11     | Noticed a two-headed ogre
  8893 | D:11     | Killed a two-headed ogre
  8893 | D:11     | Noticed a centaur warrior
  8894 | D:11     | Reached XP level 12. HP: 111/111 MP: 12/12
  8900 | D:11     | Killed a centaur warrior
  8959 | D:11     | Noticed a fire dragon
  8966 | D:11     | Noticed a fire giant
  8972 | D:11     | Killed a fire dragon
  8973 | D:11     | Reached skill level 12 in Fighting
  8986 | D:11     | Killed from afar by a fire giant

Illustrated notes

Levels and vault maps discovered:
D:1:      tarquinn_simple_flora_water_d, layout_loops_corners
D:2:      layout_loops_ring, serial_shops, shop,
          hellmonk_ecumenical_altar_leap_of_faith
D:3:      layout_loops_ring, gammafunk_ghost_arena, uniq_sigmund, uniq_terence
D:4:      layout_basic, nemelex_spade_bored_becter, lemuel_crystal_altar,
          grunt_temple_overflow_diamond, mainiacjoe_overflow_brackets,
          serial_shops, shop, uniq_natasha
D:5:      cheibrodos_fertilizer, layout_cave_pods, mainiacjoe_overflow_catwalk,
          nicolae_overflow_crystal_walls, gup_sewer_entry_pipe,
          gammafunk_ghost_grave, nicolae_shop_vocational, uniq_menkaure
D:6:      layout_loops_cross, kennysheep_ying_yang, minmay_temple_entry_hall
D:7:      layout_rooms, regret_index_kikubaaqudgha_part_by_part,
          mainiacjoe_overflow_small_starburst, mainiacjoe_overflow_alcove_1,
          serial_shops, shop, uniq_maggie
D:8:      layout_loops_ring, nicolae_ashenzari_panopticon
D:9:      layout_roguey, grunt_lair_entry_orc_guard_hut, uniq_grum, uniq_harold
D:10:     kennysheep_windowed_halls, layout_rooms,
          gammafunk_ghost_nasty_kobolds, nicolae_hexahallways,
          amcnicky_mini_rare_corridor_liquid, uniq_joseph, uniq_gastronok
D:11:     layout_irregular_city, orc_0_dummy, minmay_the_grid_2x2
          [minmay_the_grid_minigrid_small_alt, minmay_the_grid_outer_circle,
          minmay_the_grid_outer_diamond, minmay_the_grid_prize_diamond_cup]
Temple:   nicolae_temple_bog_church

Skill      XL: |  1  2  3  4  5  6  7  8  9 10 11 12 |
---------------+-------------------------------------+-----
Fighting       | 3 4 5 7 8 10 11 12 | 12.0
Maces & Flails | 2 3 4 5 7 8 |  8.4
Armour         | 4 5 7 8 9 11 | 11.3
Shields        | 4 5 6 7 8 9 10 11 | 11.0

Action                     |  1- 3 |  4- 6 |  7- 9 | 10-12 || total
---------------------------+-------+-------+-------+-------++-------
  Melee: Flail             |   110 |       |       |       ||   110
         Tailslap          |    12 |     6 |    47 |    90 ||   155
         Mace              |       |    54 |   298 |   359 ||   711
  Throw: Dart              |       |     1 |       |     3 ||     4
         Boomerang         |       |       |     2 |       ||     2
    Use: Scroll            |     6 |     2 |     8 |     2 ||    18
         Potion            |     3 |     1 |       |     5 ||     9
   Stab: Invisible         |     1 |       |       |       ||     1
         Sleeping          |       |     1 |       |       ||     1
 Armour: Scale mail        |    27 |       |       |       ||    27
         Ring mail         |    25 |    15 |   174 |   294 ||   508
  Dodge: Dodged            |    57 |    25 |   150 |   193 ||   425
  Block: Buckler           |    22 |    17 |    88 |   116 ||   243
